Washington Capitals vs Nashville Predators

Created - samedi, 16 décembre 2023 at 19:00

Goals
1 2 3 OT1 SO T
Washington Capitals 3 0 2 0 0 5
Nashville Predators 0 3 2 0 1 6
Shots
1 2 3 OT1 SO T
Washington Capitals 23 12 14 2 4 51
Nashville Predators 4 12 6 4 4 26

1st period

1. Washington Capitals , Evgeny Kuznetsov 6 (Shayne Gostisbehere 5, Jaden Schwartz 11) at 2:54
2. Washington Capitals , Ryan Hartman 10 (Brenden Dillon 9, Colton Sissons 13) at 4:08
3. Washington Capitals , Shayne Gostisbehere 3 (T.J. Oshie 11, Valeri Nichushkin 11) at 11:12 (PP)

Penalties :
Matt Martin (NSH) for Hooking (Minor) at 4:29, Radko Gudas (WSH) for High sticking (Minor) at 4:29, Nick Ritchie (NSH) for Slashing (Minor) at 10:22

2nd period

4. Nashville Predators , Matt Duchene 8 (Filip Forsberg 11) at 4:25
5. Nashville Predators , Filip Forsberg 11 (Pierre-Olivier Joseph 1, Seth Jarvis 14) at 11:04
6. Nashville Predators , Filip Chytil 8 (Nathan Beaulieu 3, Tanner Jeannot 5) at 16:06

Penalties :
Connor Murphy (NSH) for Roughing (Minor) at 6:18, Matt Martin (NSH) for Goalie Interference (Minor) at 12:10, Craig Smith (NSH) for Hooking (Minor) at 17:40

3rd period

7. Washington Capitals , Justin Schultz 3 (T.J. Oshie 12, Valeri Nichushkin 12) at 2:15 (PP)
8. Nashville Predators , Matt Duchene 9 (Seth Jarvis 15, Filip Forsberg 12) at 3:54
9. Washington Capitals , T.J. Oshie 7 (Jamie Benn 16, Valeri Nichushkin 13) at 7:07 (PP)
10. Nashville Predators , Nick Ritchie 2 (Matt Martin 2, Nathan Beaulieu 4) at 19:03

Penalties :
Tanner Jeannot (NSH) for Interference (Minor) at 1:07, Radko Gudas (WSH) for Tripping (Minor) at 4:20, Matt Martin (NSH) for Interference (Minor) at 6:45, Tanner Jeannot (NSH) for Tripping (Minor) at 12:56

Overtime #1

No Goal

Penalties :
No Penalty

Shootout

Washington Capitals, T.J. Oshie - Shot Misses the Net
Nashville Predators, Matt Duchene - Shot Misses the Net
Washington Capitals, Evgeny Kuznetsov - Stopped by Kaapo Kahkonen
Nashville Predators, Filip Forsberg - Shot Misses the Net
Washington Capitals, Valeri Nichushkin - Stopped by Kaapo Kahkonen
Nashville Predators, Filip Chytil - Stopped by Pheonix Copley
Washington Capitals, Jamie Benn - Stopped by Kaapo Kahkonen
Nashville Predators, Ryan Johansen - Goal!

Penalties :
No Penalty

Goalie Stats

Pheonix Copley (WSH), 21 saves from 26 shots - (0.808), OTL, 2-2-2, 65:00 minutes
Kaapo Kahkonen (NSH), 46 saves from 51 shots - (0.902), W, 7-11-1, 64:58 minutes

Players Stats for Washington Capitals

Player Name              G  A  P  +/- PIM S  H  SB GA TA FO     MP     PP MP  PK MP  
------------------------------------------------------------------------------------
Alex Wennberg            0  0  0  -2  0   3  1  0  0  0  1/5    21:04   0:15   0:58 
Brenden Dillon           0  1  1   0  0   4  1  0  0  0  0/0    18:06   2:26   0:32 
Colton Sissons           0  1  1   0  0   1  1  0  0  0  10/20  13:04   0:00   0:00 
Evgeny Kuznetsov         1  0  1  -1  0   4  1  0  0  0  19/29  21:36   4:52   0:50 
Jaden Schwartz           0  1  1  -1  0   10 0  0  0  0  2/2    21:19   4:52   0:11 
Jakub Vrana              0  0  0   0  0   1  0  0  0  0  1/2    13:40   0:36   0:00 
Jamie Benn               0  1  1  -2  0   4  0  0  0  0  22/33  20:03   5:02   0:00 
Jordan Martinook         0  0  0   0  0   0  0  0  0  0  1/1     8:04   0:00   0:58 
Justin Schultz           1  0  1   0  0   5  0  1  0  0  0/0    19:50   5:12   0:14 
Martin Fehervary         0  0  0  -2  0   0  1  0  0  0  0/0    11:04   0:00   1:02 
Morgan Geekie            0  0  0   0  0   1  0  0  0  0  5/8     7:26   0:48   0:00 
Radko Gudas              0  0  0   0  4   0  4  2  0  0  0/0    14:13   0:16   0:00 
Ryan Hartman             1  0  1   0  0   7  2  0  0  0  1/2    17:09   4:48   0:00 
Samuel Girard            0  0  0  -3  0   1  2  5  0  0  0/0    24:18   3:38   1:13 
Shayne Gostisbehere      1  1  2   0  0   3  0  0  0  0  0/0    21:08   4:45   0:25 
T.J. Oshie               1  2  3  -1  0   4  2  0  0  0  3/4    20:05   4:33   0:00 
Trevor van Riemsdyk      0  0  0  -1  0   1  0  2  0  0  0/0    15:45   4:15   0:32 
Valeri Nichushkin        0  3  3  -2  0   2  2  0  0  0  1/4    23:06   5:02   1:01 

Players Stats for Nashville Predators

Player Name              G  A  P  +/- PIM S  H  SB GA TA FO     MP     PP MP  PK MP  
------------------------------------------------------------------------------------
Anthony Beauvillier      0  0  0   0  0   2  0  0  0  0  0/4    16:02   0:17   0:14 
Austin Watson            0  0  0   0  0   1  1  2  0  0  0/0     8:16   0:00   0:00 
Connor Murphy            0  0  0  -1  2   0  1  2  0  0  0/0    20:56   0:17   3:00 
Craig Smith              0  0  0   0  2   0  0  0  0  0  3/8     8:59   0:00   0:44 
Dante Fabbro             0  0  0   2  0   0  3  4  0  0  0/0    20:04   1:42   4:36 
Ethan Bear               0  0  0  -1  0   1  2  4  0  0  0/0    20:09   0:17   4:24 
Filip Chytil             1  0  1   0  0   3  0  0  0  0  9/25   21:38   0:17   4:59 
Filip Forsberg           1  2  3   2  0   8  2  2  0  0  0/1    20:47   1:42   4:46 
Isaak Phillips           0  0  0   0  0   0  2  0  0  0  0/0    10:21   0:00   2:11 
Matt Duchene             2  0  2   2  0   4  0  0  0  0  20/45  26:33   1:42   4:51 
Matt Martin              0  1  1   1  6   0  2  0  0  0  0/2    13:03   0:00   0:00 
Nathan Beaulieu          0  2  2   2  0   0  1  1  0  0  0/0    15:46   0:00   0:00 
Nick Ritchie             1  0  1   1  2   2  1  0  0  0  1/2    14:17   0:00   0:00 
Pierre-Olivier Joseph    0  1  1   2  0   0  0  2  0  0  0/0    19:36   1:42   4:29 
Robin Salo               0  0  0   2  0   0  3  1  0  0  0/0    17:18   0:00   1:52 
Ryan Johansen            0  0  0   1  0   2  0  0  0  0  10/21  20:16   0:00   4:44 
Seth Jarvis              0  2  2   2  0   2  0  0  0  0  0/1    13:25   1:42   0:14 
Tanner Jeannot           0  1  1   0  4   1  2  0  0  0  1/1    15:11   0:17   0:00 

3 Stars

1 - Filip Forsberg (NSH)
2 - Matt Duchene (NSH)
3 - T.J. Oshie (WSH)

Power Play

Washington Capitals - 3 on 7 Attempt(s) - 42.86%
Nashville Predators - 0 on 1 Attempt(s) - 0.00%

Penalty Kill

Washington Capitals - 1 on 1 Attempt(s) - 100.00% - Score 0 goal in Penalty Kill
Nashville Predators - 4 on 7 Attempt(s) - 57.14% - Score 0 goal in Penalty Kill

Team Stat

Washington Capitals - Hits : 17 - Faceoff Wins : 66 - Blocked Shots : 10 - Penalty Minutes : 4
Nashville Predators - Hits : 20 - Faceoff Wins : 44 - Blocked Shots : 18 - Penalty Minutes : 16

Official

Referees : Graham Skilliter and Peter MacDougall
Linesman : Ryan Daisy and Kiel Murchison

Game Notes

No Game Note

Finance

Level 1 -- Attendance: 9673 (96.73%) -- Ticket Income $ 860 897
Level 2 -- Attendance: 1679 (83.95%) -- Ticket Income $ 125 925
Level 3 -- Attendance: 2780 (79.43%) -- Ticket Income $ 125 100
Level 4 -- Attendance: 1175 (81.03%) -- Ticket Income $ 36 425
Luxury Box -- Attendance: 42 (84.00%) -- Ticket Income $ 9 282
Game was played at the Bridgestone Arena.
Total Attendance: 15349 (90.29%)
Total Ticket Income: $ 1 157 629
Total Income: $ 1 157 629

Washington Capitals

5 vs 5 Forward 
   Center                   Left Wing                Right Wing               Time % Phy DF OF 
 1 Jamie Benn               Valeri Nichushkin        Alex Wennberg            30     0   2  3  
 2 Evgeny Kuznetsov         Jaden Schwartz           T.J. Oshie               30     0   2  3  
 3 Colton Sissons           Jakub Vrana              Ryan Hartman             30     1   2  2  
 4 Morgan Geekie            Jordan Martinook         Alex Wennberg            10     0   4  1  

5 vs 5 Defense 
   Defense                  Defense                                           Time % Phy DF OF 
 1 Shayne Gostisbehere      Radko Gudas                                       33     1   2  2  
 2 Brenden Dillon           Justin Schultz                                    33     0   3  2  
 3 Samuel Girard            Trevor van Riemsdyk                               17     0   3  2  
 4 Samuel Girard            Martin Fehervary                                  17     1   2  2  

PowerPlay Forward 
   Center                   Left Wing                Right Wing               Time % Phy DF OF 
 1 Jamie Benn               Valeri Nichushkin        T.J. Oshie               50     0   0  5  
 2 Evgeny Kuznetsov         Jaden Schwartz           Ryan Hartman             50     0   0  5  

PowerPlay Defense
   Defense                  Defense                                           Time % Phy DF OF 
 1 Shayne Gostisbehere      Justin Schultz                                    50     0   0  5  
 2 Samuel Girard            Trevor van Riemsdyk                               50     0   0  5  

Penalty Kill 4 Players Forward 
   Center                   Wing                     Time % Phy DF OF 
 1 Alex Wennberg            Jordan Martinook         50     1   2  2  
 2 Evgeny Kuznetsov         Valeri Nichushkin        50     1   2  2  

Penalty Kill 4 Players Defense
   Defense                  Defense                  Time % Phy DF OF 
 1 Brenden Dillon           Radko Gudas              50     2   3  0  
 2 Samuel Girard            Martin Fehervary         50     0   5  0  

Penalty Kill - 3 Players Forward 
   Forward                                           Time % Phy DF OF 
 1 Alex Wennberg                                     50     1   2  2  
 2 Valeri Nichushkin                                 50     1   2  2  

Penalty Kill - 3 Players Defense
   Defense                  Defense                  Time % Phy DF OF 
 1 Brenden Dillon           Radko Gudas              50     2   3  0  
 2 Samuel Girard            Martin Fehervary         50     0   5  0  

4 vs 4 Forward 
   Center                   Wing                     Time % Phy DF OF 
 1 Jamie Benn               Valeri Nichushkin        50     0   2  3  
 2 Alex Wennberg            Jaden Schwartz           50     0   3  2  

4 vs 4 Defense
   Defense                  Defense                  Time % Phy DF OF 
 1 Samuel Girard            Trevor van Riemsdyk      50     0   3  2  
 2 Brenden Dillon           Justin Schultz           50     0   3  2  

Last Minutes Offensive
   Center                   Left Wing                Right Wing               Defense                  Defense                  
   Jamie Benn               Valeri Nichushkin        T.J. Oshie               Shayne Gostisbehere      Justin Schultz           

Last Minutes Defensive
   Center                   Left Wing                Right Wing               Defense                  Defense                  
   Colton Sissons           Valeri Nichushkin        Alex Wennberg            Brenden Dillon           Samuel Girard            

Goaltenders
Starting : Pheonix Copley           
Backup : Ilya Samsonov            

Extra Forwards
Normal : Valeri Nichushkin, Alex Wennberg, Evgeny Kuznetsov - PP : Jakub Vrana, Morgan Geekie - PK : Jaden Schwartz
Extra Defensemen
Normal : Shayne Gostisbehere, Trevor van Riemsdyk, Martin Fehervary - PP : Brenden Dillon - PK : Trevor van Riemsdyk, Shayne Gostisbehere
Penalty Shots
T.J. Oshie, Evgeny Kuznetsov, Valeri Nichushkin, Jamie Benn, Jaden Schwartz
Custom OT Lines Forwards
Jamie Benn, Valeri Nichushkin, T.J. Oshie, Evgeny Kuznetsov, Jaden Schwartz, Alex Wennberg, Ryan Hartman, Jakub Vrana, Jordan Martinook, Morgan Geekie
Custom OT Lines Defensemen
Samuel Girard, Shayne Gostisbehere, Brenden Dillon, Trevor van Riemsdyk, Justin Schultz

Scratches
Justin Danforth (Healthy), Philippe Myers (Healthy), Alex Stalock (Healthy)

Nashville Predators

5 vs 5 Forward 
   Center                   Left Wing                Right Wing               Time % Phy DF OF 
 1 Matt Duchene             Filip Forsberg           Seth Jarvis              30     1   2  2  
 2 Filip Chytil             Anthony Beauvillier      Tanner Jeannot           30     1   2  2  
 3 Ryan Johansen            Nick Ritchie             Matt Martin              25     1   2  2  
 4 Craig Smith              Austin Watson            Matt Duchene             15     1   2  2  

5 vs 5 Defense 
   Defense                  Defense                                           Time % Phy DF OF 
 1 Connor Murphy            Ethan Bear                                        30     1   2  2  
 2 Dante Fabbro             Pierre-Olivier Joseph                             30     1   2  2  
 3 Nathan Beaulieu          Robin Salo                                        25     1   2  2  
 4 Isaak Phillips           Connor Murphy                                     15     1   2  2  

PowerPlay Forward 
   Center                   Left Wing                Right Wing               Time % Phy DF OF 
 1 Matt Duchene             Filip Forsberg           Seth Jarvis              50     1   2  2  
 2 Filip Chytil             Anthony Beauvillier      Tanner Jeannot           50     1   2  2  

PowerPlay Defense
   Defense                  Defense                                           Time % Phy DF OF 
 1 Connor Murphy            Ethan Bear                                        50     1   2  2  
 2 Dante Fabbro             Pierre-Olivier Joseph                             50     1   2  2  

Penalty Kill 4 Players Forward 
   Center                   Wing                     Time % Phy DF OF 
 1 Matt Duchene             Filip Forsberg           50     1   2  2  
 2 Filip Chytil             Ryan Johansen            50     1   2  2  

Penalty Kill 4 Players Defense
   Defense                  Defense                  Time % Phy DF OF 
 1 Connor Murphy            Ethan Bear               50     1   2  2  
 2 Dante Fabbro             Pierre-Olivier Joseph    50     1   2  2  

Penalty Kill - 3 Players Forward 
   Forward                                           Time % Phy DF OF 
 1 Matt Duchene                                      50     1   2  2  
 2 Filip Forsberg                                    50     1   2  2  

Penalty Kill - 3 Players Defense
   Defense                  Defense                  Time % Phy DF OF 
 1 Connor Murphy            Ethan Bear               50     1   2  2  
 2 Dante Fabbro             Pierre-Olivier Joseph    50     1   2  2  

4 vs 4 Forward 
   Center                   Wing                     Time % Phy DF OF 
 1 Matt Duchene             Filip Forsberg           50     1   2  2  
 2 Filip Chytil             Ryan Johansen            50     1   2  2  

4 vs 4 Defense
   Defense                  Defense                  Time % Phy DF OF 
 1 Connor Murphy            Ethan Bear               50     1   2  2  
 2 Dante Fabbro             Pierre-Olivier Joseph    50     1   2  2  

Last Minutes Offensive
   Center                   Left Wing                Right Wing               Defense                  Defense                  
   Matt Duchene             Filip Forsberg           Seth Jarvis              Connor Murphy            Ethan Bear               

Last Minutes Defensive
   Center                   Left Wing                Right Wing               Defense                  Defense                  
   Matt Duchene             Filip Forsberg           Seth Jarvis              Connor Murphy            Ethan Bear               

Goaltenders
Starting : Kaapo Kahkonen           
Backup : Kevin Lankinen           

Extra Forwards
Normal : Nick Ritchie, Matt Martin, Craig Smith - PP : Nick Ritchie, Matt Martin - PK : Craig Smith
Extra Defensemen
Normal : Nathan Beaulieu, Robin Salo, Isaak Phillips - PP : Nathan Beaulieu - PK : Robin Salo, Isaak Phillips
Penalty Shots
Matt Duchene, Filip Forsberg, Filip Chytil, Ryan Johansen, Seth Jarvis
Custom OT Lines Forwards
Matt Duchene, Filip Forsberg, Filip Chytil, Ryan Johansen, Seth Jarvis, Anthony Beauvillier, Nick Ritchie, Tanner Jeannot, Matt Martin, Craig Smith
Custom OT Lines Defensemen
Connor Murphy, Ethan Bear, Dante Fabbro, Pierre-Olivier Joseph, Nathan Beaulieu

Scratches
Kevin Fiala (Exhaustion), Roman Josi (Sore Left Knee Injury), Haydn Fleury (Healthy)

% Time on Ice - Washington Capitals

Lines # - Real PCT - Wanted PCT - Time Play
Normal Forward
1 - 27% - 30% - 12:16
2 - 30% - 30% - 13:48
3 - 29% - 30% - 13:04
4 - 14% - 10% - 6:38
Normal Defense
1 - 31% - 33% - 14:22
2 - 29% - 33% - 13:16
3 - 20% - 17% - 9:11
4 - 20% - 17% - 8:57
PP Forward
1 - 49% - 50% - 5:02
2 - 51% - 50% - 5:14
PP Defense
1 - 53% - 50% - 5:27
2 - 47% - 50% - 4:49
PK Forward
1 - 49% - 50% - 0:58
2 - 51% - 50% - 1:01
PK Defense
1 - 48% - 50% - 0:57
2 - 52% - 50% - 1:02
PK3 Forward
1 - 0% - 50%
2 - 0% - 50%
PK3 Defense
1 - 0% - 50%
2 - 0% - 50%
44 Forward
1 - 53% - 50% - 1:03
2 - 47% - 50% - 0:56
44 Defense
1 - 43% - 50% - 0:51
2 - 57% - 50% - 1:08
Last Minute Offensive  - 0:00
Last Minute Defensive  - 0:00
Total
Forward - 60:00
Defense - 60:00

% Time on Ice - Nashville Predators

Lines # - Real PCT - Wanted PCT - Time Play
Normal Forward
1 - 23% - 30% - 10:39
2 - 31% - 30% - 14:07
3 - 28% - 25% - 12:44
4 - 18% - 15% - 8:16
Normal Defense
1 - 23% - 30% - 10:43
2 - 26% - 30% - 11:41
3 - 34% - 25% - 15:46
4 - 17% - 15% - 7:36
PP Forward
1 - 86% - 50% - 1:42
2 - 14% - 50% - 0:17
PP Defense
1 - 14% - 50% - 0:17
2 - 86% - 50% - 1:42
PK Forward
1 - 50% - 50% - 5:11
2 - 50% - 50% - 5:05
PK Defense
1 - 48% - 50% - 4:57
2 - 52% - 50% - 5:19
PK3 Forward
1 - 0% - 50%
2 - 0% - 50%
PK3 Defense
1 - 0% - 50%
2 - 0% - 50%
44 Forward
1 - 44% - 50% - 0:52
2 - 56% - 50% - 1:07
44 Defense
1 - 37% - 50% - 0:44
2 - 63% - 50% - 1:15
Last Minute Offensive  - 0:00
Last Minute Defensive  - 0:00
Total
Forward - 60:00
Defense - 60:00

Play-by-Play

1st period


0:01 of 1st period - Jamie Benn wins face-off versus Matt Duchene in neutral zone.
0:01 of 1st period - Shayne Gostisbehere is hit by Filip Forsberg and loses puck.
0:06 of 1st period - Shot by Valeri Nichushkin.
0:06 of 1st period - Stopped by Kaapo Kahkonen without a rebound.
0:07 of 1st period - Filip Chytil wins face-off versus Evgeny Kuznetsov in Nashville Predators zone.
0:22 of 1st period - Shot by Jaden Schwartz.
0:22 of 1st period - Shot Misses the Net.
0:24 of 1st period - Shot by Brenden Dillon.
0:24 of 1st period - Stopped by Kaapo Kahkonen without a rebound.
0:25 of 1st period - Colton Sissons wins face-off versus Ryan Johansen in Nashville Predators zone.
0:26 of 1st period - Shot by Ryan Hartman.
0:26 of 1st period - Stopped by Kaapo Kahkonen without a rebound.
0:27 of 1st period - Colton Sissons wins face-off versus Matt Martin in Nashville Predators zone.
0:40 of 1st period - Shot by Jakub Vrana.
0:40 of 1st period - Deflect By Ryan Hartman.
0:40 of 1st period - Stopped by Kaapo Kahkonen without a rebound.
0:41 of 1st period - Jamie Benn wins face-off versus Craig Smith in Nashville Predators zone.
0:47 of 1st period - Jamie Benn is hit by Connor Murphy and loses puck.
1:40 of 1st period - Shot by Dante Fabbro.
1:40 of 1st period - Shot Misses the Net.
1:42 of 1st period - Shot by Dante Fabbro.
1:42 of 1st period - Shot Misses the Net.
1:53 of 1st period - Colton Sissons is hit by Robin Salo.
2:11 of 1st period - Shot by Jaden Schwartz.
2:11 of 1st period - Stopped by Kaapo Kahkonen with a rebound.
2:13 of 1st period - Shot by Brenden Dillon.
2:13 of 1st period - Shot Blocked by Nathan Beaulieu.
2:20 of 1st period - Icing by Nick Ritchie.
2:21 of 1st period - Morgan Geekie wins face-off versus Nick Ritchie in Nashville Predators zone.
2:26 of 1st period - Shot by Alex Wennberg.
2:26 of 1st period - Stopped by Kaapo Kahkonen without a rebound.
2:27 of 1st period - Matt Duchene wins face-off versus Morgan Geekie in Nashville Predators zone.
2:38 of 1st period - Shot by Filip Forsberg.
2:38 of 1st period - Stopped by Pheonix Copley without a rebound.
2:39 of 1st period - Evgeny Kuznetsov wins face-off versus Anthony Beauvillier in Washington Capitals zone.
2:48 of 1st period - Shot by T.J. Oshie.
2:48 of 1st period - Shot Blocked by Dante Fabbro.
2:50 of 1st period - Shot by Jaden Schwartz.
2:50 of 1st period - Shot Misses the Net.
2:54 of 1st period - Shot by Evgeny Kuznetsov.
2:54 of 1st period - Goal by Evgeny Kuznetsov - Washington Capitals : 1 - Nashville Predators : 0.
2:55 of 1st period - Matt Duchene wins face-off versus Colton Sissons in neutral zone.
3:02 of 1st period - Shot by Matt Duchene.
3:02 of 1st period - Stopped by Pheonix Copley without a rebound.
3:03 of 1st period - Jamie Benn wins face-off versus Seth Jarvis in Washington Capitals zone.
3:08 of 1st period - Ethan Bear is hit by Valeri Nichushkin and loses puck.
3:18 of 1st period - Icing by Seth Jarvis.
3:19 of 1st period - Evgeny Kuznetsov wins face-off versus Matt Duchene in Nashville Predators zone.
3:28 of 1st period - Shot by Jaden Schwartz.
3:28 of 1st period - Shot Blocked by Connor Murphy.
3:30 of 1st period - Shot by Samuel Girard.
3:30 of 1st period - Shot Blocked by Ethan Bear.
3:32 of 1st period - Shot by Jaden Schwartz.
3:32 of 1st period - Deflect By T.J. Oshie.
3:32 of 1st period - Shot Misses the Net.
3:58 of 1st period - Icing by Ethan Bear.
3:59 of 1st period - Colton Sissons wins face-off versus Matt Duchene in Nashville Predators zone.
4:08 of 1st period - Shot by Ryan Hartman.
4:08 of 1st period - Goal by Ryan Hartman - Washington Capitals : 2 - Nashville Predators : 0.
4:09 of 1st period - Ryan Johansen wins face-off versus Jamie Benn in neutral zone.
4:18 of 1st period - Shot by Ryan Johansen.
4:18 of 1st period - Shot Misses the Net.
4:24 of 1st period - Shot by Robin Salo.
4:24 of 1st period - Shot Blocked by Radko Gudas.
4:26 of 1st period - Shot by Matt Martin.
4:26 of 1st period - Shot Misses the Net.
4:29 of 1st period - Minor Penalty to Matt Martin for Hooking.
4:29 of 1st period - Minor Penalty to Radko Gudas for High sticking.
4:30 of 1st period - Alex Wennberg wins face-off versus Filip Chytil in Washington Capitals zone.
4:48 of 1st period - Shot by Alex Wennberg.
4:48 of 1st period - Shot Blocked by Dante Fabbro.
4:52 of 1st period - Shot by Jaden Schwartz.
4:52 of 1st period - Stopped by Kaapo Kahkonen without a rebound.
4:53 of 1st period - Jamie Benn wins face-off versus Matt Duchene in Nashville Predators zone.
5:10 of 1st period - Shot by Filip Forsberg.
5:10 of 1st period - Stopped by Pheonix Copley without a rebound.
5:11 of 1st period - Filip Chytil wins face-off versus Jamie Benn in Washington Capitals zone.
5:52 of 1st period - Shot by Jaden Schwartz.
5:52 of 1st period - Shot Misses the Net.
5:54 of 1st period - Shot by Samuel Girard.
5:54 of 1st period - Deflect By Jaden Schwartz.
5:54 of 1st period - Stopped by Kaapo Kahkonen without a rebound.
5:55 of 1st period - Matt Duchene wins face-off versus Alex Wennberg in Nashville Predators zone.
6:12 of 1st period - Shot by Alex Wennberg.
6:12 of 1st period - Deflect By Jaden Schwartz.
6:12 of 1st period - Stopped by Kaapo Kahkonen without a rebound.
6:13 of 1st period - Matt Duchene wins face-off versus Alex Wennberg in Nashville Predators zone.
6:17 of 1st period - Off-side.
6:18 of 1st period - Jamie Benn wins face-off versus Matt Duchene in neutral zone.
7:26 of 1st period - Shot by Evgeny Kuznetsov.
7:26 of 1st period - Deflect By Jaden Schwartz.
7:26 of 1st period - Stopped by Kaapo Kahkonen without a rebound.
7:27 of 1st period - Morgan Geekie wins face-off versus Filip Chytil in Nashville Predators zone.
7:28 of 1st period - Shot by Jordan Martinook.
7:28 of 1st period - Shot Misses the Net.
7:30 of 1st period - Shot by Brenden Dillon.
7:30 of 1st period - Shot Misses the Net.
7:32 of 1st period - Shot by Alex Wennberg.
7:32 of 1st period - Shot Misses the Net.
7:34 of 1st period - Shot by Brenden Dillon.
7:34 of 1st period - Stopped by Kaapo Kahkonen with a rebound.
7:36 of 1st period - Shot by Alex Wennberg.
7:36 of 1st period - Deflect By Morgan Geekie.
7:36 of 1st period - Shot Misses the Net.
7:38 of 1st period - Shot by Jordan Martinook.
7:38 of 1st period - Shot Misses the Net.
8:21 of 1st period - Icing by Trevor van Riemsdyk.
8:22 of 1st period - Evgeny Kuznetsov wins face-off versus Ryan Johansen in Washington Capitals zone.
8:24 of 1st period - Icing by Samuel Girard.
8:25 of 1st period - Evgeny Kuznetsov wins face-off versus Ryan Johansen in Washington Capitals zone.
8:42 of 1st period - Shot by Jaden Schwartz.
8:42 of 1st period - Stopped by Kaapo Kahkonen without a rebound.
8:43 of 1st period - Jamie Benn wins face-off versus Matt Duchene in Nashville Predators zone.
8:48 of 1st period - Shot by Alex Wennberg.
8:48 of 1st period - Deflect By Jamie Benn.
8:48 of 1st period - Stopped by Kaapo Kahkonen with a rebound.
8:50 of 1st period - Shot by Valeri Nichushkin.
8:50 of 1st period - Deflect By Jamie Benn.
8:50 of 1st period - Shot Blocked by Dante Fabbro.
9:37 of 1st period - Icing by Nick Ritchie.
9:38 of 1st period - Colton Sissons wins face-off versus Ryan Johansen in Nashville Predators zone.
9:48 of 1st period - Shot by Ryan Hartman.
9:48 of 1st period - Stopped by Kaapo Kahkonen without a rebound.
9:49 of 1st period - Evgeny Kuznetsov wins face-off versus Filip Chytil in Nashville Predators zone.
10:06 of 1st period - Shot by Evgeny Kuznetsov.
10:06 of 1st period - Deflect By T.J. Oshie.
10:06 of 1st period - Shot Misses the Net.
10:08 of 1st period - Shot by Trevor van Riemsdyk.
10:08 of 1st period - Shot Blocked by Ethan Bear.
10:10 of 1st period - Shot by Jaden Schwartz.
10:10 of 1st period - Stopped by Kaapo Kahkonen without a rebound.
10:11 of 1st period - Ryan Johansen wins face-off versus Colton Sissons in Nashville Predators zone.
10:11 of 1st period - Ryan Johansen is hit by Ryan Hartman.
10:22 of 1st period - Minor Penalty to Nick Ritchie for Slashing.
10:23 of 1st period - Matt Duchene wins face-off versus Evgeny Kuznetsov in Nashville Predators zone.
10:34 of 1st period - Shot by Samuel Girard.
10:34 of 1st period - Stopped by Kaapo Kahkonen with a rebound.
11:06 of 1st period - Shot by Shayne Gostisbehere.
11:06 of 1st period - Stopped by Kaapo Kahkonen without a rebound.
11:07 of 1st period - Jamie Benn wins face-off versus Matt Duchene in Nashville Predators zone.
11:10 of 1st period - Shot by T.J. Oshie.
11:10 of 1st period - Stopped by Kaapo Kahkonen with a rebound.
11:12 of 1st period - Shot by Shayne Gostisbehere.
11:12 of 1st period - Goal by Shayne Gostisbehere - Washington Capitals : 3 - Nashville Predators : 0.
11:13 of 1st period - Jordan Martinook wins face-off versus Matt Duchene in neutral zone.
11:22 of 1st period - Shot by Morgan Geekie.
11:22 of 1st period - Shot Blocked by Connor Murphy.
11:24 of 1st period - Shot by Justin Schultz.
11:24 of 1st period - Stopped by Kaapo Kahkonen without a rebound.
11:25 of 1st period - Jamie Benn wins face-off versus Craig Smith in Nashville Predators zone.
11:26 of 1st period - Shot by Valeri Nichushkin.
11:26 of 1st period - Shot Blocked by Austin Watson.
11:37 of 1st period - Matt Duchene is hit by Radko Gudas and loses puck.
11:54 of 1st period - Shot by Craig Smith.
11:54 of 1st period - Shot Hit the Post.
12:17 of 1st period - Matt Martin is hit by Radko Gudas and loses puck.
12:21 of 1st period - Icing by Shayne Gostisbehere.
12:22 of 1st period - Jamie Benn wins face-off versus Filip Chytil in Washington Capitals zone.
12:31 of 1st period - Icing by Alex Wennberg.
12:32 of 1st period - Matt Duchene wins face-off versus Jamie Benn in Washington Capitals zone.
14:11 of 1st period - Jaden Schwartz is hit by Nick Ritchie and loses puck.
14:19 of 1st period - Icing by Robin Salo.
14:20 of 1st period - Ryan Johansen wins face-off versus Evgeny Kuznetsov in Nashville Predators zone.
15:12 of 1st period - Ethan Bear is hit by Brenden Dillon.
15:57 of 1st period - Shot by Tanner Jeannot.
15:57 of 1st period - Stopped by Pheonix Copley without a rebound.
15:58 of 1st period - Craig Smith wins face-off versus Morgan Geekie in Washington Capitals zone.
16:58 of 1st period - Off-side.
16:59 of 1st period - Jamie Benn wins face-off versus Filip Forsberg in neutral zone.
17:57 of 1st period - Shot by Morgan Geekie.
17:57 of 1st period - Shot Misses the Net.
17:59 of 1st period - Shot by Brenden Dillon.
17:59 of 1st period - Stopped by Kaapo Kahkonen without a rebound.
18:00 of 1st period - Evgeny Kuznetsov wins face-off versus Craig Smith in Nashville Predators zone.
18:00 of 1st period - Evgeny Kuznetsov is hit by Ethan Bear.
18:19 of 1st period - Icing by Austin Watson.
18:20 of 1st period - Colton Sissons wins face-off versus Craig Smith in Nashville Predators zone.
18:21 of 1st period - Shot by Valeri Nichushkin.
18:21 of 1st period - Shot Blocked by Austin Watson.
18:36 of 1st period - Icing by Shayne Gostisbehere.
18:37 of 1st period - Colton Sissons wins face-off versus Matt Martin in Washington Capitals zone.
18:56 of 1st period - Shot by Nathan Beaulieu.
18:56 of 1st period - Shot Misses the Net.
19:23 of 1st period - Evgeny Kuznetsov is hit by Robin Salo and loses puck.
19:38 of 1st period - Icing by Evgeny Kuznetsov.
19:39 of 1st period - Jaden Schwartz wins face-off versus Filip Chytil in Washington Capitals zone.
Goals for this period are 3 for Washington Capitals vs 0 for Nashville Predators.
Shots for this period are 23 for Washington Capitals vs 4 for Nashville Predators.

2nd period


0:01 of 2nd period - Colton Sissons wins face-off versus Filip Chytil in neutral zone.
0:01 of 2nd period - Ryan Hartman is hit by Tanner Jeannot.
0:03 of 2nd period - Shot by Justin Schultz.
0:03 of 2nd period - Stopped by Kaapo Kahkonen with a rebound.
0:05 of 2nd period - Shot by Colton Sissons.
0:05 of 2nd period - Shot Misses the Net.
1:19 of 2nd period - Shot by Matt Duchene.
1:19 of 2nd period - Stopped by Pheonix Copley with a rebound.
1:21 of 2nd period - Shot by Seth Jarvis.
1:21 of 2nd period - Shot Blocked by Trevor van Riemsdyk.
1:23 of 2nd period - Shot by Seth Jarvis.
1:23 of 2nd period - Stopped by Pheonix Copley without a rebound.
1:24 of 2nd period - Ryan Johansen wins face-off versus Evgeny Kuznetsov in Washington Capitals zone.
1:24 of 2nd period - Ryan Johansen is hit by Radko Gudas.
1:32 of 2nd period - Shot by Matt Martin.
1:32 of 2nd period - Shot Misses the Net.
1:34 of 2nd period - Shot by Nathan Beaulieu.
1:34 of 2nd period - Shot Blocked by Radko Gudas.
1:39 of 2nd period - Matt Martin is hit by Radko Gudas and loses puck.
1:56 of 2nd period - Icing by Radko Gudas.
1:57 of 2nd period - Evgeny Kuznetsov wins face-off versus Matt Duchene in Washington Capitals zone.
1:57 of 2nd period - Evgeny Kuznetsov is hit by Filip Forsberg.
2:02 of 2nd period - Icing by T.J. Oshie.
2:03 of 2nd period - Matt Duchene wins face-off versus Evgeny Kuznetsov in Washington Capitals zone.
2:04 of 2nd period - Shot by Filip Forsberg.
2:04 of 2nd period - Stopped by Pheonix Copley without a rebound.
2:05 of 2nd period - Valeri Nichushkin wins face-off versus Matt Duchene in Washington Capitals zone.
2:21 of 2nd period - Shot by Samuel Girard.
2:21 of 2nd period - Shot Hit the Post.
2:29 of 2nd period - Shot by Jamie Benn.
2:29 of 2nd period - Stopped by Kaapo Kahkonen without a rebound.
2:30 of 2nd period - Jakub Vrana wins face-off versus Ryan Johansen in Nashville Predators zone.
2:49 of 2nd period - Shot by Colton Sissons.
2:49 of 2nd period - Stopped by Kaapo Kahkonen without a rebound.
2:50 of 2nd period - Jaden Schwartz wins face-off versus Filip Chytil in Nashville Predators zone.
3:02 of 2nd period - Tanner Jeannot is hit by T.J. Oshie and loses puck.
3:07 of 2nd period - Shot by Anthony Beauvillier.
3:07 of 2nd period - Shot Misses the Net.
3:09 of 2nd period - Shot by Ethan Bear.
3:09 of 2nd period - Stopped by Pheonix Copley without a rebound.
3:10 of 2nd period - Jamie Benn wins face-off versus Matt Duchene in Washington Capitals zone.
3:39 of 2nd period - Shot by Alex Wennberg.
3:39 of 2nd period - Stopped by Kaapo Kahkonen without a rebound.
3:40 of 2nd period - Filip Chytil wins face-off versus Colton Sissons in Nashville Predators zone.
4:06 of 2nd period - Shot by Anthony Beauvillier.
4:06 of 2nd period - Stopped by Pheonix Copley without a rebound.
4:07 of 2nd period - Ryan Johansen wins face-off versus Evgeny Kuznetsov in Washington Capitals zone.
4:18 of 2nd period - Shot by Matt Martin.
4:18 of 2nd period - Shot Misses the Net.
4:20 of 2nd period - Shot by Nick Ritchie.
4:20 of 2nd period - Stopped by Pheonix Copley without a rebound.
4:21 of 2nd period - Matt Duchene wins face-off versus Valeri Nichushkin in Washington Capitals zone.
4:23 of 2nd period - Filip Forsberg is hit by Martin Fehervary.
4:25 of 2nd period - Shot by Matt Duchene.
4:25 of 2nd period - Goal by Matt Duchene - Washington Capitals : 3 - Nashville Predators : 1.
4:26 of 2nd period - Jamie Benn wins face-off versus Matt Duchene in neutral zone.
4:42 of 2nd period - Shot by Jamie Benn.
4:42 of 2nd period - Deflect By Valeri Nichushkin.
4:42 of 2nd period - Stopped by Kaapo Kahkonen without a rebound.
4:43 of 2nd period - Filip Chytil wins face-off versus Colton Sissons in Nashville Predators zone.
4:51 of 2nd period - Icing by Justin Schultz.
4:52 of 2nd period - Craig Smith wins face-off versus Colton Sissons in Washington Capitals zone.
5:15 of 2nd period - Shot by Ryan Hartman.
5:15 of 2nd period - Stopped by Kaapo Kahkonen without a rebound.
5:16 of 2nd period - Filip Chytil wins face-off versus Valeri Nichushkin in Nashville Predators zone.
5:31 of 2nd period - Shot by Filip Chytil.
5:31 of 2nd period - Stopped by Pheonix Copley without a rebound.
5:32 of 2nd period - Evgeny Kuznetsov wins face-off versus Ryan Johansen in Washington Capitals zone.
5:32 of 2nd period - Evgeny Kuznetsov is hit by Matt Martin.
6:14 of 2nd period - Shot by Ryan Hartman.
6:14 of 2nd period - Stopped by Kaapo Kahkonen without a rebound.
6:15 of 2nd period - Jamie Benn wins face-off versus Matt Duchene in Nashville Predators zone.
6:15 of 2nd period - Jamie Benn is hit by Ethan Bear.
6:18 of 2nd period - Minor Penalty to Connor Murphy for Roughing.
6:19 of 2nd period - Jamie Benn wins face-off versus Matt Duchene in Nashville Predators zone.
6:24 of 2nd period - Shot by Jamie Benn.
6:24 of 2nd period - Stopped by Kaapo Kahkonen without a rebound.
6:25 of 2nd period - Matt Duchene wins face-off versus Evgeny Kuznetsov in Nashville Predators zone.
7:30 of 2nd period - Shot by Jamie Benn.
7:30 of 2nd period - Stopped by Kaapo Kahkonen without a rebound.
7:31 of 2nd period - Evgeny Kuznetsov wins face-off versus Matt Duchene in Nashville Predators zone.
8:33 of 2nd period - Icing by Nathan Beaulieu.
8:34 of 2nd period - Jamie Benn wins face-off versus Anthony Beauvillier in Nashville Predators zone.
8:45 of 2nd period - Nathan Beaulieu is hit by Valeri Nichushkin and loses puck.
9:39 of 2nd period - Icing by Ethan Bear.
9:40 of 2nd period - Ryan Johansen wins face-off versus Morgan Geekie in Nashville Predators zone.
9:42 of 2nd period - Icing by Ethan Bear.
9:43 of 2nd period - Morgan Geekie wins face-off versus Ryan Johansen in Nashville Predators zone.
10:39 of 2nd period - Shot by Seth Jarvis.
10:39 of 2nd period - Stopped by Pheonix Copley without a rebound.
10:40 of 2nd period - Matt Duchene wins face-off versus Colton Sissons in Washington Capitals zone.
10:44 of 2nd period - Icing by Trevor van Riemsdyk.
10:45 of 2nd period - Matt Duchene wins face-off versus Colton Sissons in Washington Capitals zone.
10:46 of 2nd period - Shot by Filip Forsberg.
10:46 of 2nd period - Shot Blocked by Trevor van Riemsdyk.
10:52 of 2nd period - Shot by Matt Duchene.
10:52 of 2nd period - Shot Misses the Net.
10:54 of 2nd period - Shot by Seth Jarvis.
10:54 of 2nd period - Shot Misses the Net.
11:04 of 2nd period - Shot by Filip Forsberg.
11:04 of 2nd period - Goal by Filip Forsberg - Washington Capitals : 3 - Nashville Predators : 2.
11:05 of 2nd period - Evgeny Kuznetsov wins face-off versus Craig Smith in neutral zone.
12:10 of 2nd period - Minor Penalty to Matt Martin for Goalie Interference.
12:11 of 2nd period - Filip Chytil wins face-off versus Evgeny Kuznetsov in Nashville Predators zone.
12:29 of 2nd period - Evgeny Kuznetsov is hit by Dante Fabbro and loses puck.
12:32 of 2nd period - Shot by Justin Schultz.
12:32 of 2nd period - Shot Misses the Net.
12:34 of 2nd period - Shot by Shayne Gostisbehere.
12:34 of 2nd period - Stopped by Kaapo Kahkonen without a rebound.
12:35 of 2nd period - Jamie Benn wins face-off versus Matt Duchene in Nashville Predators zone.
13:35 of 2nd period - Shot by Ryan Hartman.
13:35 of 2nd period - Stopped by Kaapo Kahkonen without a rebound.
13:36 of 2nd period - Matt Duchene wins face-off versus Jamie Benn in Nashville Predators zone.
14:33 of 2nd period - Shot by Nick Ritchie.
14:33 of 2nd period - Deflect By Anthony Beauvillier.
14:33 of 2nd period - Shot Blocked by Justin Schultz.
15:03 of 2nd period - Shot by Austin Watson.
15:03 of 2nd period - Shot Misses the Net.
15:05 of 2nd period - Shot by Craig Smith.
15:05 of 2nd period - Deflect By Austin Watson.
15:05 of 2nd period - Stopped by Pheonix Copley without a rebound.
15:06 of 2nd period - Colton Sissons wins face-off versus Matt Duchene in Washington Capitals zone.
15:29 of 2nd period - Ethan Bear is hit by Colton Sissons and loses puck.
16:06 of 2nd period - Shot by Filip Chytil.
16:06 of 2nd period - Goal by Filip Chytil - Washington Capitals : 3 - Nashville Predators : 3.
16:07 of 2nd period - Ryan Johansen wins face-off versus Alex Wennberg in neutral zone.
16:27 of 2nd period - Shot by Matt Martin.
16:27 of 2nd period - Shot Misses the Net.
17:40 of 2nd period - Minor Penalty to Craig Smith for Hooking.
17:41 of 2nd period - Filip Chytil wins face-off versus Jamie Benn in Nashville Predators zone.
17:57 of 2nd period - Shot by Justin Schultz.
17:57 of 2nd period - Shot Blocked by Filip Forsberg.
17:59 of 2nd period - Shot by Brenden Dillon.
17:59 of 2nd period - Shot Blocked by Filip Forsberg.
18:39 of 2nd period - Shot by Evgeny Kuznetsov.
18:39 of 2nd period - Stopped by Kaapo Kahkonen without a rebound.
18:40 of 2nd period - Ryan Hartman wins face-off versus Ryan Johansen in Nashville Predators zone.
18:59 of 2nd period - Shot by Jaden Schwartz.
18:59 of 2nd period - Shot Blocked by Ethan Bear.
Goals for this period are 0 for Washington Capitals vs 3 for Nashville Predators.
Shots for this period are 12 for Washington Capitals vs 12 for Nashville Predators.

3rd period


0:01 of 3rd period - Matt Duchene wins face-off versus Jamie Benn in neutral zone.
0:23 of 3rd period - Icing by Valeri Nichushkin.
0:24 of 3rd period - Jamie Benn wins face-off versus Filip Chytil in Washington Capitals zone.
0:28 of 3rd period - Off-side.
0:29 of 3rd period - Evgeny Kuznetsov wins face-off versus Filip Chytil in neutral zone.
0:42 of 3rd period - Shot by Anthony Beauvillier.
0:42 of 3rd period - Stopped by Pheonix Copley without a rebound.
0:43 of 3rd period - Matt Duchene wins face-off versus Colton Sissons in Washington Capitals zone.
0:45 of 3rd period - Filip Forsberg is hit by Samuel Girard and loses puck.
0:58 of 3rd period - Shot by Matt Duchene.
0:58 of 3rd period - Shot Misses the Net.
1:04 of 3rd period - Shot by Seth Jarvis.
1:04 of 3rd period - Shot Misses the Net.
1:06 of 3rd period - Shot by Ethan Bear.
1:06 of 3rd period - Deflect By Filip Forsberg.
1:06 of 3rd period - Stopped by Pheonix Copley without a rebound.
1:07 of 3rd period - Jamie Benn wins face-off versus Anthony Beauvillier in Washington Capitals zone.
1:07 of 3rd period - Minor Penalty to Tanner Jeannot for Interference.
1:08 of 3rd period - Ryan Johansen wins face-off versus Jamie Benn in Nashville Predators zone.
1:14 of 3rd period - Icing by Shayne Gostisbehere.
1:15 of 3rd period - Matt Duchene wins face-off versus Valeri Nichushkin in Washington Capitals zone.
1:16 of 3rd period - Shot by Pierre-Olivier Joseph.
1:16 of 3rd period - Deflect By Filip Forsberg.
1:16 of 3rd period - Shot Misses the Net.
1:32 of 3rd period - Shot by Justin Schultz.
1:32 of 3rd period - Stopped by Kaapo Kahkonen without a rebound.
1:33 of 3rd period - Evgeny Kuznetsov wins face-off versus Filip Chytil in Nashville Predators zone.
1:38 of 3rd period - Shot by Jaden Schwartz.
1:38 of 3rd period - Shot Misses the Net.
1:53 of 3rd period - Shot by Samuel Girard.
1:53 of 3rd period - Shot Misses the Net.
1:55 of 3rd period - Shot by Evgeny Kuznetsov.
1:55 of 3rd period - Shot Misses the Net.
1:57 of 3rd period - Shot by Trevor van Riemsdyk.
1:57 of 3rd period - Stopped by Kaapo Kahkonen without a rebound.
1:58 of 3rd period - Jamie Benn wins face-off versus Matt Duchene in Nashville Predators zone.
2:11 of 3rd period - Shot by T.J. Oshie.
2:11 of 3rd period - Shot Misses the Net.
2:13 of 3rd period - Shot by T.J. Oshie.
2:13 of 3rd period - Shot Misses the Net.
2:15 of 3rd period - Shot by Justin Schultz.
2:15 of 3rd period - Goal by Justin Schultz - Washington Capitals : 4 - Nashville Predators : 3.
2:16 of 3rd period - Morgan Geekie wins face-off versus Filip Chytil in neutral zone.
2:45 of 3rd period - Shot by Alex Wennberg.
2:45 of 3rd period - Shot Misses the Net.
2:47 of 3rd period - Shot by Alex Wennberg.
2:47 of 3rd period - Shot Misses the Net.
2:56 of 3rd period - Icing by Filip Chytil.
2:57 of 3rd period - Evgeny Kuznetsov wins face-off versus Filip Chytil in Nashville Predators zone.
2:57 of 3rd period - Justin Schultz is hit by Robin Salo and loses puck.
3:10 of 3rd period - Shot by Jaden Schwartz.
3:10 of 3rd period - Shot Blocked by Robin Salo.
3:54 of 3rd period - Shot by Matt Duchene.
3:54 of 3rd period - Goal by Matt Duchene - Washington Capitals : 4 - Nashville Predators : 4.
3:55 of 3rd period - Ryan Johansen wins face-off versus Jamie Benn in neutral zone.
3:58 of 3rd period - Jamie Benn is hit by Matt Martin and loses puck.
4:20 of 3rd period - Shot by Nick Ritchie.
4:20 of 3rd period - Deflect By Ryan Johansen.
4:20 of 3rd period - Stopped by Pheonix Copley without a rebound.
4:20 of 3rd period - Minor Penalty to Radko Gudas for Tripping.
4:21 of 3rd period - Matt Duchene wins face-off versus Alex Wennberg in Washington Capitals zone.
4:32 of 3rd period - Shot by Filip Forsberg.
4:32 of 3rd period - Stopped by Pheonix Copley without a rebound.
4:33 of 3rd period - Matt Duchene wins face-off versus Evgeny Kuznetsov in Washington Capitals zone.
4:52 of 3rd period - Shot by Seth Jarvis.
4:52 of 3rd period - Shot Misses the Net.
5:04 of 3rd period - Shot by Jordan Martinook.
5:04 of 3rd period - Deflect By Alex Wennberg.
5:04 of 3rd period - Shot Misses the Net.
5:27 of 3rd period - Alex Wennberg is hit by Dante Fabbro and loses puck.
5:35 of 3rd period - Icing by Pierre-Olivier Joseph.
5:36 of 3rd period - Evgeny Kuznetsov wins face-off versus Matt Duchene in Nashville Predators zone.
5:36 of 3rd period - Valeri Nichushkin is hit by Dante Fabbro and loses puck.
6:23 of 3rd period - Icing by Nick Ritchie.
6:24 of 3rd period - Ryan Johansen wins face-off versus Colton Sissons in Nashville Predators zone.
6:45 of 3rd period - Minor Penalty to Matt Martin for Interference.
6:46 of 3rd period - T.J. Oshie wins face-off versus Filip Chytil in Nashville Predators zone.
7:07 of 3rd period - Shot by T.J. Oshie.
7:07 of 3rd period - Goal by T.J. Oshie - Washington Capitals : 5 - Nashville Predators : 4.
7:08 of 3rd period - Morgan Geekie wins face-off versus Filip Chytil in neutral zone.
7:20 of 3rd period - Icing by Robin Salo.
7:21 of 3rd period - Colton Sissons wins face-off versus Filip Chytil in Nashville Predators zone.
7:21 of 3rd period - Shayne Gostisbehere is hit by Nathan Beaulieu and loses puck.
7:52 of 3rd period - Shot by Ryan Johansen.
7:52 of 3rd period - Shot Misses the Net.
9:21 of 3rd period - Anthony Beauvillier is hit by T.J. Oshie and loses puck.
10:02 of 3rd period - Seth Jarvis is hit by Alex Wennberg and loses puck.
10:10 of 3rd period - Icing by Connor Murphy.
10:11 of 3rd period - Matt Duchene wins face-off versus Ryan Hartman in Nashville Predators zone.
10:31 of 3rd period - Brenden Dillon is hit by Isaak Phillips and loses puck.
11:17 of 3rd period - Shot by Matt Martin.
11:17 of 3rd period - Shot Misses the Net.
11:50 of 3rd period - Craig Smith is hit by Samuel Girard and loses puck.
11:53 of 3rd period - Shot by Austin Watson.
11:53 of 3rd period - Shot Blocked by Samuel Girard.
12:03 of 3rd period - Shot by Austin Watson.
12:03 of 3rd period - Shot Blocked by Samuel Girard.
12:25 of 3rd period - Shot by Jamie Benn.
12:25 of 3rd period - Shot Misses the Net.
12:32 of 3rd period - Valeri Nichushkin is hit by Tanner Jeannot and loses puck.
12:56 of 3rd period - Minor Penalty to Tanner Jeannot for Tripping.
12:57 of 3rd period - Jamie Benn wins face-off versus Matt Duchene in Nashville Predators zone.
13:06 of 3rd period - Shot by Valeri Nichushkin.
13:06 of 3rd period - Shot Misses the Net.
13:08 of 3rd period - Shot by Justin Schultz.
13:08 of 3rd period - Shot Misses the Net.
13:10 of 3rd period - Shot by Justin Schultz.
13:10 of 3rd period - Stopped by Kaapo Kahkonen without a rebound.
13:11 of 3rd period - Craig Smith wins face-off versus Jakub Vrana in Nashville Predators zone.
13:11 of 3rd period - Craig Smith is hit by Ryan Hartman.
13:27 of 3rd period - Shot by Brenden Dillon.
13:27 of 3rd period - Shot Blocked by Pierre-Olivier Joseph.
13:29 of 3rd period - Shot by Brenden Dillon.
13:29 of 3rd period - Shot Misses the Net.
13:31 of 3rd period - Shot by Morgan Geekie.
13:31 of 3rd period - Stopped by Kaapo Kahkonen without a rebound.
13:32 of 3rd period - Filip Chytil wins face-off versus Jamie Benn in Nashville Predators zone.
13:40 of 3rd period - Icing by Alex Wennberg.
13:41 of 3rd period - Jamie Benn wins face-off versus Filip Chytil in Washington Capitals zone.
13:46 of 3rd period - Shot by Alex Wennberg.
13:46 of 3rd period - Stopped by Kaapo Kahkonen without a rebound.
13:47 of 3rd period - Evgeny Kuznetsov wins face-off versus Matt Duchene in Nashville Predators zone.
14:12 of 3rd period - Shot by Justin Schultz.
14:12 of 3rd period - Shot Misses the Net.
14:14 of 3rd period - Shot by Jaden Schwartz.
14:14 of 3rd period - Stopped by Kaapo Kahkonen with a rebound.
14:40 of 3rd period - Shot by Valeri Nichushkin.
14:40 of 3rd period - Shot Misses the Net.
14:42 of 3rd period - Shot by Valeri Nichushkin.
14:42 of 3rd period - Shot Misses the Net.
14:44 of 3rd period - Shot by Brenden Dillon.
14:44 of 3rd period - Stopped by Kaapo Kahkonen with a rebound.
14:46 of 3rd period - Shot by Brenden Dillon.
14:46 of 3rd period - Shot Blocked by Pierre-Olivier Joseph.
14:48 of 3rd period - Shot by Brenden Dillon.
14:48 of 3rd period - Shot Misses the Net.
14:50 of 3rd period - Shot by Valeri Nichushkin.
14:50 of 3rd period - Shot Misses the Net.
15:56 of 3rd period - Evgeny Kuznetsov is hit by Isaak Phillips and loses puck.
16:03 of 3rd period - Shot by Colton Sissons.
16:03 of 3rd period - Shot Misses the Net.
16:22 of 3rd period - Valeri Nichushkin is hit by Austin Watson and loses puck.
16:37 of 3rd period - Shot by Jamie Benn.
16:37 of 3rd period - Deflect By Valeri Nichushkin.
16:37 of 3rd period - Shot Misses the Net.
16:55 of 3rd period - Shot by Jordan Martinook.
16:55 of 3rd period - Shot Misses the Net.
17:09 of 3rd period - Shot by T.J. Oshie.
17:09 of 3rd period - Stopped by Kaapo Kahkonen without a rebound.
17:10 of 3rd period - Colton Sissons wins face-off versus Ryan Johansen in Nashville Predators zone.
17:15 of 3rd period - Shot by Ryan Hartman.
17:15 of 3rd period - Shot Misses the Net.
17:19 of 3rd period - Shot by Martin Fehervary.
17:19 of 3rd period - Shot Blocked by Dante Fabbro.
17:23 of 3rd period - Shot by Jakub Vrana.
17:23 of 3rd period - Stopped by Kaapo Kahkonen without a rebound.
17:24 of 3rd period - Tanner Jeannot wins face-off versus Evgeny Kuznetsov in Nashville Predators zone.
17:24 of 3rd period - Tanner Jeannot is hit by Evgeny Kuznetsov.
17:32 of 3rd period - Shot by Anthony Beauvillier.
17:32 of 3rd period - Shot Blocked by Samuel Girard.
17:42 of 3rd period - Icing by Filip Chytil.
17:43 of 3rd period - Filip Chytil wins face-off versus Colton Sissons in Nashville Predators zone.
18:29 of 3rd period - Shot by Evgeny Kuznetsov.
18:29 of 3rd period - Shot Misses the Net.
18:31 of 3rd period - Shot by Evgeny Kuznetsov.
18:31 of 3rd period - Stopped by Kaapo Kahkonen with a rebound.
18:33 of 3rd period - Shot by Jaden Schwartz.
18:33 of 3rd period - Stopped by Kaapo Kahkonen without a rebound.
18:34 of 3rd period - Nick Ritchie wins face-off versus Jamie Benn in Nashville Predators zone.
19:01 of 3rd period - Nashville Predators, Kaapo Kahkonen is pulled from the net.
19:03 of 3rd period - Shot by Nick Ritchie.
19:03 of 3rd period - Goal by Nick Ritchie - Washington Capitals : 5 - Nashville Predators : 5.
19:03 of 3rd period - Kaapo Kahkonen from Nashville Predators was sent back in the game.
19:04 of 3rd period - Evgeny Kuznetsov wins face-off versus Matt Duchene in neutral zone.
19:09 of 3rd period - Shot by Evgeny Kuznetsov.
19:09 of 3rd period - Stopped by Kaapo Kahkonen without a rebound.
19:10 of 3rd period - Evgeny Kuznetsov wins face-off versus Matt Duchene in Nashville Predators zone.
Goals for this period are 2 for Washington Capitals vs 2 for Nashville Predators.
Shots for this period are 14 for Washington Capitals vs 6 for Nashville Predators.

Overtime #1


0:01 of 1st overtime period - Jamie Benn wins face-off versus Matt Duchene in neutral zone.
0:21 of 1st overtime period - Shot by Filip Forsberg.
0:21 of 1st overtime period - Shot Blocked by Samuel Girard.
0:23 of 1st overtime period - Shot by Filip Forsberg.
0:23 of 1st overtime period - Stopped by Pheonix Copley with a rebound.
0:25 of 1st overtime period - Shot by Filip Forsberg.
0:25 of 1st overtime period - Stopped by Pheonix Copley without a rebound.
0:26 of 1st overtime period - T.J. Oshie wins face-off versus Ryan Johansen in Washington Capitals zone.
0:54 of 1st overtime period - Shot by Connor Murphy.
0:54 of 1st overtime period - Shot Misses the Net.
1:28 of 1st overtime period - Shot by Jamie Benn.
1:28 of 1st overtime period - Shot Blocked by Ethan Bear.
1:48 of 1st overtime period - Shot by Matt Duchene.
1:48 of 1st overtime period - Shot Misses the Net.
1:50 of 1st overtime period - Shot by Filip Forsberg.
1:50 of 1st overtime period - Shot Misses the Net.
2:22 of 1st overtime period - Shot by Seth Jarvis.
2:22 of 1st overtime period - Shot Hit the Post.
2:30 of 1st overtime period - Shot by Jaden Schwartz.
2:30 of 1st overtime period - Shot Misses the Net.
2:32 of 1st overtime period - Shot by Alex Wennberg.
2:32 of 1st overtime period - Shot Misses the Net.
2:34 of 1st overtime period - Shot by Alex Wennberg.
2:34 of 1st overtime period - Deflect By Jaden Schwartz.
2:34 of 1st overtime period - Shot Misses the Net.
2:36 of 1st overtime period - Shot by Alex Wennberg.
2:36 of 1st overtime period - Deflect By Jaden Schwartz.
2:36 of 1st overtime period - Stopped by Kaapo Kahkonen without a rebound.
2:37 of 1st overtime period - T.J. Oshie wins face-off versus Matt Duchene in Nashville Predators zone.
2:41 of 1st overtime period - Shot by Valeri Nichushkin.
2:41 of 1st overtime period - Shot Misses the Net.
2:43 of 1st overtime period - Shot by T.J. Oshie.
2:43 of 1st overtime period - Stopped by Kaapo Kahkonen without a rebound.
2:44 of 1st overtime period - Matt Duchene wins face-off versus T.J. Oshie in Nashville Predators zone.
3:36 of 1st overtime period - Shot by Ryan Johansen.
3:36 of 1st overtime period - Deflect By Filip Chytil.
3:36 of 1st overtime period - Stopped by Pheonix Copley without a rebound.
3:37 of 1st overtime period - Evgeny Kuznetsov wins face-off versus Anthony Beauvillier in Washington Capitals zone.
3:39 of 1st overtime period - Icing by Jaden Schwartz.
3:40 of 1st overtime period - Evgeny Kuznetsov wins face-off versus Ryan Johansen in Washington Capitals zone.
3:53 of 1st overtime period - Shot by Filip Chytil.
3:53 of 1st overtime period - Shot Blocked by Samuel Girard.
4:07 of 1st overtime period - Shot by Ryan Johansen.
4:07 of 1st overtime period - Stopped by Pheonix Copley without a rebound.
4:08 of 1st overtime period - Matt Duchene wins face-off versus Jamie Benn in Washington Capitals zone.
Goals for this period are 0 for Washington Capitals vs 0 for Nashville Predators.
Shots for this period are 2 for Washington Capitals vs 4 for Nashville Predators.

ShootOut


5:00 of 1st overtime period - Round #1.
5:00 of 1st overtime period - Washington Capitals, T.J. Oshie.
5:00 of 1st overtime period - Shot Misses the Net.
5:00 of 1st overtime period - Nashville Predators, Matt Duchene.
5:00 of 1st overtime period - Shot Misses the Net.
5:00 of 1st overtime period - Round #2.
5:00 of 1st overtime period - Washington Capitals, Evgeny Kuznetsov.
5:00 of 1st overtime period - Stopped by Kaapo Kahkonen.
5:00 of 1st overtime period - Nashville Predators, Filip Forsberg.
5:00 of 1st overtime period - Shot Misses the Net.
5:00 of 1st overtime period - Round #3.
5:00 of 1st overtime period - Washington Capitals, Valeri Nichushkin.
5:00 of 1st overtime period - Stopped by Kaapo Kahkonen.
5:00 of 1st overtime period - Nashville Predators, Filip Chytil.
5:00 of 1st overtime period - Stopped by Pheonix Copley.
5:00 of 1st overtime period - Round #4.
5:00 of 1st overtime period - Washington Capitals, Jamie Benn.
5:00 of 1st overtime period - Stopped by Kaapo Kahkonen.
5:00 of 1st overtime period - Nashville Predators, Ryan Johansen.
5:00 of 1st overtime period - Goal by Ryan Johansen.